 Dungeon Sprint DCSS version 0.16-a0-3781-g2316936 (console) character file.

28409 Monkaria the Fencer (level 13, -2/145 HPs)
             Began as a Hill Orc Fighter on Jan 25, 2015.
             Was the Champion of Makhleb.
             Killed from afar by Margery (46 damage)
             ... with a bolt of fire
             ... in the Dungeon (Sprint IX: "|||||||||||||||||||||||||||||").
             The game lasted 00:23:45 (4630 turns).

Monkaria the Fencer (Hill Orc Fighter)              Turns: 4630, Time: 00:23:45

Health: -2/145     AC: 30    Str: 24      XL:     13   Next: 38%
Magic:  27/27      EV: 11    Int:  8 (11) God:    Makhleb [******]
Gold:   1246       SH: 14    Dex: 11 (13) Spells: 0 memorised, 12 levels left

rFire  . . .     SeeInvis +     c - +6 scimitar (flame)
rCold  . . .     Clarity  +     r - +4 plate armour {rPois}
rNeg   . . .     SustAb   .     w - +2 shield {reflect}
rPois  +         Gourm    .     Q - +2 helmet {SInv}
rElec  .         Spirit   .     y - +0 cloak
rCorr  .         Warding  .     q - +0 pair of gloves
rMut   .         NoTele   +     (no boots)
MR     .....                    G - amulet of clarity
Stlth  ..........               o - +3 ring of dexterity
                                n - +3 ring of intelligence

@: not resistant to hostile enchantments, extremely unstealthy
A: deterioration 1, sense surroundings 1, robust 1, shaggy fur 1
a: Minor Destruction, Lesser Servant of Makhleb, Major Destruction, Greater
Servant of Makhleb, Renounce Religion


You were in the Dungeon.
You worshipped Makhleb.
Makhleb was exalted by your worship.
You were hungry.

You visited 1 branch You collected 1914 gold pieces.
You spent 668 gold pieces at shops.

Inventory:

Hand weapons
 c - a +6 scimitar of flaming (weapon)
 s - a +2 scimitar of holy wrath
Missiles
 e - 6 tomahawks (quivered)
Armour
 q - a +0 pair of gloves (worn)
 r - a +4 plate armour of poison resistance (worn)
 w - a +2 shield of reflection (worn)
 y - a +0 cloak (worn)
 Q - a +2 helmet of see invisible (worn)
 R - a +0 swamp dragon armour
Jewellery
 n - a +3 ring of intelligence (left hand)
 o - a +3 ring of dexterity (right hand)
 G - an amulet of clarity (around neck)
 H - an uncursed ring of see invisible
 J - an uncursed ring of magical power
 K - an uncursed ring of fire
 L - an uncursed ring of fire
Magical devices
 m - a wand of fire (6)
 F - a wand of draining (4)
Scrolls
 h - 5 scrolls of remove curse
 k - 2 scrolls of blinking
 l - 2 scrolls of amnesia
 t - 3 scrolls of recharging
 B - 2 scrolls of fear
Potions
 a - 3 potions of haste
 b - a potion of resistance
 g - a potion of curing
 i - 4 potions of magic
 j - a potion of berserk rage
 U - 2 potions of might
Comestibles
 d - 13 meat rations
 f - 3 chunks of flesh
 x - 38 fruits
 z - 11 bread rations


   Skills:
 - Level 17.2 Fighting
 - Level 19.2 Long Blades
 - Level 5.0 Throwing
 + Level 17.3 Armour
 - Level 11.3 Dodging
 + Level 10.5 Shields
 - Level 10.2 Invocations
 - Level 9.3 Evocations


You had 12 spell levels left.
You didn't know any spells.

Dungeon Overview and Level Annotations

Branches:
Dungeon (1/1)

Altars:
Cheibriados
Dithmenos
Elyvilon
Fedhas
Gozag
Kikubaaqudgha
Makhleb
Nemelex Xobeh
Okawaru
Qazlal
Ru
Sif Muna
Trog
Vehumet
Xom
Yredelemnul
Zin
The Shining One
Beogh
Jiyva
Lugonu

Shops:
D %*%=

Annotations:
D Margery


Innate Abilities, Weirdness & Mutations

Your body is slowly deteriorating.
You passively map a small area around you.
You are robust (+10% HP).
You are covered in fur (AC +1).


Message History

w - Wait here. f - Follow me.
Anything else - Stay silent.
Gang up on whom?
Press: ? - help, Dir - move target cursor, f/p - Margery
Aim: Margery, wielding an enchanted demon whip and wearing a fire dragon armour (poison gas, heavily wounded, poisoned) Attack!
Your Executioner hits Margery. Your Executioner hits Margery.
Your Executioner hits Margery. Your Executioner hits Margery!
Your Executioner closely misses Margery.
Your Executioner hits Margery.
The necromancer is engulfed in poison gas.
The necromancer looks even sicker.
Your Executioner closely misses Margery.
Your Executioner hits Margery.
Your Executioner hits Margery but does no damage.
Margery is engulfed in poison gas.
Margery points at your Executioner and mumbles some strange words.
The bolt of fire hits your Executioner.
Your Executioner resists.
The bolt of fire hits you!
You die...

....)............................
▓▓▓▓▓▓▓▓▓▓▓▓▓▓▓▓▓▓▓▓▓▓▓▓▓▓▓▓▓▓▓▓▓
..........[...))).))).....'......
▓▓▓▓▓▓▓▓▓▓▓▓▓▓▓▓▓▓▓▓▓▓▓▓▓▓▓▓▓▓▓▓▓
.................................
▓♣♣♣♣♣♣♣♣♣♣▓▓▓▓▓▓▓▓▓▓▓▓▓▓▓▓▓▓▓▓▓▓
'...†...†.'......)))'............
▓♣♣♣♣♣♣♣♣♣♣▓▓▓▓▓▓▓▓▓▓▓▓▓▓▓▓▓▓▓▓▓▓
...............§@.1@Zpppp...,,,,,
▓▓▓▓▓▓▓▓▓▓▓▓▓▓▓▓▓▓▓▓▓▓▓▓▓▓▓▓*****
,,,,,,,,,,,,,,,,,,+,,,,,,,,,,,,,,
*********************************
,,,,,,,,,,,,,,,,,,,,,,,,,,,,,,,,,
*********************************
,,,,,,,,,,,,,,,,,,,,,,,+,,,,,,,,,
*********************************
,,,,,,,,,,,,,,,,,,,,,,,,,,,,,,,,,


You could see Margery, 3 hell knights, a necromancer, a human simulacrum and a
friendly Executioner.

Vanquished Creatures
  Donald (D)
  A very ugly thing (D)
  A vampire knight (D)
  A stone giant (D)
  Josephine (D)
  A rakshasa (D)
  An ogre mage (D)
  A hydra (D)
  A satyr (D)
  An orc high priest (D)
  A skeletal warrior (D)
  A shambling mangrove (D)
  A hill giant (D)
  2 harpies (D)
  A hornet (D)
  An ugly thing (D)
  A griffon (D)
  A faun (D)
  Maurice (D)
  A siren (D)
  A komodo dragon (D)
  Psyche (D)
  3 spiny frogs (D)
  An efreet (D)
  A jumping spider (D)
  A two-headed ogre (D)
  A blink frog (D)
  2 giant leeches (D)
  A merfolk (D)
  A wraith (D)
  A tarantella (D)
  2 basilisks (D)
  A yak (D)
  2 water elementals (D)
  Eustachio (D)
  2 hippogriffs (D)
  A wolf (D)
  2 water moccasins (D)
  3 porcupines (D)
  8 orc warriors (D)
  A phantom (D)
  2 crocodiles (D)
  2 giant frogs (D)
  A crimson imp (D)
  3 orc priests (D)
  3 orc wizards (D)
  A sheep (D)
  An adder (D)
  A river rat (D)
  A shadow imp (D)
  2 adder skeletons (D)
  An adder zombie (D)
  An adder simulacrum (D)
  6 orcs (D)
  A bat zombie (D)
  A goblin (D)
  3 hobgoblins (D)
  2 quokkas (D)
  A bat (D)
  A giant cockroach simulacrum (D)
  A jackal skeleton (D)
  3 kobolds (D)
  An orc zombie (D)
  A quokka zombie (D)
98 creatures vanquished.

Vanquished Creatures (collateral kills)
  A greater naga (D)
  2 emperor scorpions (D)
  2 stone giants (D)
  A dire elephant (D)
  Harold (D)
  3 ogre magi (D)
  An orc high priest (D)
  A hell knight (D)
  A naga ritualist (D)
  3 orc knights (D)
  A cyclops (D)
  7 elephants (D)
  2 wolf spiders (D)
  2 black mambas (D)
  A naga mage (D)
  A deep elf priest (D)
  A two-headed ogre (D)
  A slime creature (D)
  2 redbacks (D)
  A water moccasin (D)
  A spider (D)
  9 ogres (D)
  An orc warrior (D)
  A jelly (D)
  An orc wizard (D)
  An orc priest (D)
49 creatures vanquished.

Vanquished Creatures (others)
  6 balrugs (D)
  A cacodemon (D)
  A blizzard demon (D)
  A green death (D)
  A water moccasin (D)
  A swamp drake (D)
  2 plants (D)
13 creatures vanquished.

Grand Total: 160 creatures vanquished

Notes
Turn   | Place    | Note
--------------------------------------------------------------
     0 | D        | Monkaria, the Hill Orc Fighter, began the quest for the Orb.
     0 | D        | Reached XP level 1. HP: 19/19 MP: 1/1
     7 | D        | Reached skill level 4 in Fighting
    25 | D        | Noticed a crimson imp
    25 | D        | Noticed a phantom
    34 | D        | Reached XP level 2. HP: 6/28 MP: 2/2
    55 | D        | HP: 1/28 [crimson imp (3)]
    65 | D        | Killed a crimson imp
    65 | D        | Reached skill level 6 in Fighting
    65 | D        | Reached XP level 3. HP: 14/37 MP: 3/3
    81 | D        | Killed a phantom
    81 | D        | Reached skill level 7 in Fighting
    81 | D        | Reached skill level 9 in Long Blades
    81 | D        | Reached XP level 4. HP: 10/48 MP: 4/4
    81 | D        | Reached XP level 5. HP: 11/53 MP: 5/5
    94 | D        | Found a glowing silver altar of Zin.
    94 | D        | Found a glowing golden altar of the Shining One.
    94 | D        | Found an ancient bone altar of Kikubaaqudgha.
    94 | D        | Found a basalt altar of Yredelemnul.
    94 | D        | Found a shimmering altar of Xom.
    94 | D        | Found a radiant altar of Vehumet.
    94 | D        | Found an iron altar of Okawaru.
    95 | D        | Found a burning altar of Makhleb.
    96 | D        | Found a deep blue altar of Sif Muna.
    97 | D        | Found a bloodstained altar of Trog.
    98 | D        | Found a sparkling altar of Nemelex Xobeh.
    99 | D        | Found a white marble altar of Elyvilon.
   100 | D        | Found a roughly hewn altar of Beogh.
   101 | D        | Found a viscous altar of Jiyva.
   102 | D        | Found a corrupted altar of Lugonu.
   103 | D        | Found a blossoming altar of Fedhas.
   104 | D        | Became a worshipper of Makhleb the Destroyer
   105 | D        | Found a snail-covered altar of Cheibriados.
   106 | D        | Found a shadowy altar of Dithmenos.
   107 | D        | Found a stormy altar of Qazlal.
   108 | D        | Found an opulent altar of Gozag.
   109 | D        | Found a sacrificial altar of Ru.
   330 | D        | Noticed a wraith
   330 | D        | Noticed a giant frog
   338 | D        | Acquired Makhleb's first power
   346 | D        | Killed a giant frog
   346 | D        | Acquired Makhleb's second power
   346 | D        | Reached skill level 10 in Long Blades
   348 | D        | Reached skill level 1 in Invocations
   354 | D        | Killed a wraith
   354 | D        | Reached XP level 6. HP: 34/62 MP: 6/18
   362 | D        | Reached skill level 10 in Invocations
   507 | D        | Noticed a two-headed ogre
   507 | D        | Noticed an efreet
   507 | D        | Noticed a giant frog
   507 | D        | Noticed a brown ugly thing
   507 | D        | Noticed a basilisk
   513 | D        | Killed a basilisk
   513 | D        | Acquired Makhleb's third power
   513 | D        | Reached skill level 11 in Long Blades
   513 | D        | Reached XP level 7. HP: 49/71 MP: 20/20
   521 | D        | Killed a brown ugly thing
   521 | D        | Reached skill level 13 in Long Blades
   521 | D        | Reached XP level 8. HP: 69/82 MP: 21/21
   540 | D        | Killed a giant frog
   540 | D        | Acquired Makhleb's fourth power
   544 | D        | Killed an efreet
   544 | D        | Reached skill level 14 in Long Blades
   548 | D        | Killed a two-headed ogre
   573 | D        | Gained mutation: You passively map a small area around you. [mutagenic meat]
   574 | D        | Gained mutation: You are robust (+10% HP). [mutagenic meat]
   575 | D        | Gained mutation: You are covered in fur (AC +1). [mutagenic meat]
   576 | D        | Gained mutation: Your body is slowly deteriorating. [mutagenic meat]
   815 | D        | Noticed a crocodile
   815 | D        | Noticed a porcupine
   815 | D        | Noticed a spiny frog
   815 | D        | Noticed a komodo dragon
   815 | D        | Noticed a wolf
   815 | D        | Noticed a hippogriff
   815 | D        | Noticed a basilisk
   837 | D        | Killed a basilisk
   837 | D        | Reached skill level 15 in Long Blades
   843 | D        | Killed a hippogriff
   843 | D        | Acquired Makhleb's fifth power
   843 | D        | Reached XP level 9. HP: 51/99 MP: 22/22
   846 | D        | Killed a wolf
   856 | D        | Killed a komodo dragon
   864 | D        | Killed a spiny frog
   864 | D        | Reached skill level 10 in Armour
   871 | D        | Killed a porcupine
   877 | D        | Killed a crocodile
  1185 | D        | Noticed a crocodile
  1185 | D        | Noticed a yak
  1185 | D        | Noticed a blink frog
  1185 | D        | Noticed a porcupine
  1185 | D        | Noticed a porcupine
  1185 | D        | Noticed a hippogriff
  1189 | D        | Noticed a spiny frog
  1192 | D        | Noticed a spiny frog
  1205 | D        | Killed a hippogriff
  1211 | D        | Killed a porcupine
  1214 | D        | Killed a porcupine
  1220 | D        | Killed a yak
  1224 | D        | Killed a crocodile
  1229 | D        | Killed a spiny frog
  1229 | D        | Reached XP level 10. HP: 70/106 MP: 23/23
  1231 | D        | Killed a blink frog
  1234 | D        | Killed a spiny frog
  1339 | D        | Noticed a dire elephant
  1339 | D        | Noticed an elephant
  1339 | D        | Noticed an elephant
  1339 | D        | Noticed an elephant
  1339 | D        | Noticed an elephant
  1339 | D        | Noticed an elephant
  1339 | D        | Noticed an elephant
  1348 | D        | Killed an elephant
  1348 | D        | Reached skill level 15 in Armour
  1351 | D        | Killed an elephant
  1354 | D        | Killed an elephant
  1356 | D        | Killed an elephant
  1361 | D        | Killed an elephant
  1361 | D        | Reached skill level 16 in Armour
  1363 | D        | Noticed an elephant
  1372 | D        | Killed a dire elephant
  1373 | D        | Killed an elephant
  1374 | D        | Killed an elephant
  1374 | D        | Reached skill level 17 in Armour
  1448 | D        | Noticed Harold
  1458 | D        | Killed Harold
  1612 | D        | Noticed an orc wizard
  1612 | D        | Noticed an orc warrior
  1612 | D        | Noticed an orc warrior
  1612 | D        | Noticed an orc warrior
  1612 | D        | Noticed an orc wizard
  1614 | D        | Killed an orc wizard
  1616 | D        | Noticed an orc warrior
  1625 | D        | Killed an orc warrior
  1627 | D        | Noticed an orc priest
  1629 | D        | Noticed an orc wizard
  1634 | D        | Killed an orc warrior
  1639 | D        | Killed an orc warrior
  1643 | D        | Noticed an orc priest
  1652 | D        | Killed an orc wizard
  1653 | D        | Killed an orc warrior
  1653 | D        | Reached skill level 1 in Evocations
  1660 | D        | Killed an orc priest
  1664 | D        | Killed an orc wizard
  1671 | D        | Killed an orc priest
  1778 | D        | Noticed an orc priest
  1778 | D        | Noticed an orc warrior
  1778 | D        | Noticed an orc warrior
  1778 | D        | Noticed an orc warrior
  1778 | D        | Noticed an orc priest
  1778 | D        | Noticed an orc warrior
  1778 | D        | Noticed an orc high priest
  1779 | D        | Noticed an orc wizard
  1782 | D        | Noticed a sixfirhy
  1790 | D        | Killed an orc high priest
  1790 | D        | Reached XP level 11. HP: 87/114 MP: 25/25
  1791 | D        | Noticed an orc warrior
  1792 | D        | Killed an orc warrior
  1792 | D        | Killed an orc priest
  1792 | D        | Killed an orc warrior
  1796 | D        | Killed an orc warrior
  1797 | D        | Noticed an orc knight
  1800 | D        | Noticed an orc knight
  1803 | D        | Killed an orc warrior
  1804 | D        | Noticed an orc high priest
  1814 | D        | Killed an orc knight
  1817 | D        | Killed an orc knight
  1818 | D        | Killed an orc warrior
  1819 | D        | Killed an orc priest
  1820 | D        | Killed an orc wizard
  1822 | D        | Killed an orc high priest
  1822 | D        | Reached skill level 5 in Shields
  1852 | D        | Found Basok's Jewellery Boutique.
  1852 | D        | Noticed an ogre
  1852 | D        | Noticed an ogre
  1852 | D        | Noticed an ogre
  1852 | D        | Noticed an ogre
  1852 | D        | Noticed an ogre
  1852 | D        | Noticed a two-headed ogre
  1854 | D        | Noticed an ogre
  1854 | D        | Killed a two-headed ogre
  1855 | D        | Killed an ogre
  1856 | D        | Killed an ogre
  1857 | D        | Killed an ogre
  1858 | D        | Killed an ogre
  1859 | D        | Noticed an ogre
  1860 | D        | Killed an ogre
  1861 | D        | Killed an ogre
  1862 | D        | Killed an ogre
  1864 | D        | Found Tozoeck's Food Shop.
  1867 | D        | Found Cryplown's Assorted Antiques.
  1871 | D        | Found Weaqik's Food Shop.
  1873 | D        | Noticed an ogre mage
  1874 | D        | Noticed an ogre mage
  1875 | D        | Noticed an ogre
  1878 | D        | Killed an ogre mage
  1880 | D        | Noticed an ogre mage
  1881 | D        | Noticed an ogre
  1881 | D        | Killed an ogre mage
  1882 | D        | Killed an ogre
  1883 | D        | Killed an ogre mage
  1884 | D        | Killed an ogre
  1909 | D        | Bought a scroll labeled OROSTR LEKLEFE for 23 gold pieces
  1909 | D        | Bought a scroll labeled EFARITIWKE for 23 gold pieces
  1909 | D        | Bought a glowing black potion for 20 gold pieces
  1909 | D        | Bought a murky brown potion for 20 gold pieces
  1909 | D        | Bought a shiny fluorescent wand for 92 gold pieces
  1913 | D        | Bought an uncursed amulet of clarity for 280 gold pieces
  1913 | D        | Bought an uncursed ring of see invisible for 210 gold pieces
  2126 | D        | Noticed Psyche
  2135 | D        | Killed Psyche
  2135 | D        | Reached skill level 10 in Shields
  2151 | D        | Noticed Maurice
  2163 | D        | Killed Maurice
  2181 | D        | Noticed Josephine
  2201 | D        | Killed Josephine
  2287 | D        | Got the +2 leather armour of Cumech {Int+3}
  2299 | D        | Got the +3 plate armour of Puoted {rN- Dex+3}
  2372 | D        | Noticed a rakshasa
  2372 | D        | Noticed a jelly
  2372 | D        | Noticed a cyclops
  2372 | D        | Noticed an ogre mage
  2372 | D        | Noticed a skeletal warrior
  2372 | D        | Noticed a hill giant
  2376 | D        | Killed a hill giant
  2377 | D        | Noticed an orc knight
  2380 | D        | Noticed a vampire knight
  2388 | D        | Killed a skeletal warrior
  2392 | D        | Noticed a deep elf priest
  2393 | D        | Noticed a stone giant
  2394 | D        | Killed an ogre mage
  2394 | D        | Reached XP level 12. HP: 124/128 MP: 25/25
  2399 | D        | Noticed a stone giant
  2408 | D        | Killed a cyclops
  2413 | D        | Paralysed by a vampire knight for 4 turns
  2416 | D        | HP: 4/129 [vampire knight/vampiric war axe (10)]
  2416 | D        | Killed a jelly
  2428 | D        | Killed an orc knight
  2429 | D        | Killed a deep elf priest
  2430 | D        | Noticed a stone giant
  2434 | D        | Killed a stone giant
  2436 | D        | Killed a vampire knight
  2436 | D        | Reached skill level 15 in Fighting
  2443 | D        | Killed a rakshasa
  2443 | D        | Reached skill level 18 in Long Blades
  2447 | D        | Noticed a stone giant
  2460 | D        | Killed a stone giant
  2478 | D        | Noticed a slime creature
  2479 | D        | Noticed a stone giant
  2480 | D        | Noticed a brown very ugly thing
  2483 | D        | Killed a slime creature
  2490 | D        | Killed a stone giant
  2505 | D        | Killed a white very ugly thing
  3451 | D        | Noticed a naga ritualist
  3451 | D        | Noticed a black mamba
  3451 | D        | Noticed a greater naga
  3451 | D        | Noticed a water moccasin
  3451 | D        | Noticed a water moccasin
  3451 | D        | Noticed a naga mage
  3451 | D        | Noticed a water moccasin
  3458 | D        | Noticed a black mamba
  3459 | D        | Killed a water moccasin
  3462 | D        | Killed a naga mage
  3465 | D        | Killed a water moccasin
  3465 | D        | Killed a water moccasin
  3469 | D        | Killed a greater naga
  3469 | D        | Reached skill level 19 in Long Blades
  3469 | D        | Killed a black mamba
  3471 | D        | Killed a naga ritualist
  3472 | D        | Noticed a greater naga
  3472 | D        | Killed a black mamba
  3837 | D        | Noticed a four-headed hydra
  3837 | D        | Noticed a water moccasin
  3837 | D        | Noticed a shambling mangrove
  3837 | D        | Noticed a hornet
  3837 | D        | Noticed a giant leech
  3854 | D        | Killed a giant leech
  3854 | D        | Reached skill level 1 in Dodging
  3857 | D        | Killed a hornet
  3871 | D        | Killed a shambling mangrove
  3876 | D        | Killed a water moccasin
  3882 | D        | Killed a one-headed hydra
  3882 | D        | Reached skill level 5 in Dodging
  3883 | D        | Noticed a swamp drake
  3884 | D        | Noticed a giant leech
  3894 | D        | Killed a swamp drake
  3951 | D        | Killed a giant leech
  4059 | D        | Noticed a wolf spider
  4059 | D        | Noticed a redback
  4059 | D        | Noticed an emperor scorpion
  4059 | D        | Noticed a spider
  4059 | D        | Noticed a wolf spider
  4059 | D        | Noticed an emperor scorpion
  4059 | D        | Noticed a tarantella
  4063 | D        | Noticed a redback
  4065 | D        | Killed a tarantella
  4070 | D        | Noticed a jumping spider
  4087 | D        | Killed an emperor scorpion
  4090 | D        | Killed a wolf spider
  4090 | D        | Reached XP level 13. HP: 77/145 MP: 27/27
  4093 | D        | Killed a spider
  4093 | D        | Killed a redback
  4106 | D        | Killed a jumping spider
  4106 | D        | Killed an emperor scorpion
  4112 | D        | Killed a wolf spider
  4113 | D        | Killed a redback
  4315 | D        | Noticed a harpy
  4315 | D        | Noticed a siren
  4315 | D        | Noticed a merfolk
  4315 | D        | Noticed a water elemental
  4315 | D        | Noticed a water elemental
  4315 | D        | Noticed a faun
  4315 | D        | Noticed a satyr
  4322 | D        | Noticed a griffon
  4331 | D        | Killed a satyr
  4332 | D        | Noticed a harpy
  4337 | D        | Killed a faun
  4338 | D        | Killed a water elemental
  4338 | D        | Reached skill level 10 in Dodging
  4344 | D        | Killed a water elemental
  4348 | D        | Killed a merfolk
  4357 | D        | Killed a siren
  4361 | D        | Killed a harpy
  4370 | D        | Killed a griffon
  4371 | D        | Killed a harpy
  4527 | D        | Noticed Donald
  4549 | D        | Killed Donald
  4549 | D        | Reached skill level 5 in Throwing
  4582 | D        | Noticed Eustachio
  4593 | D        | Killed Eustachio
  4615 | D        | Noticed a hell knight
  4616 | D        | Noticed a hell knight
  4617 | D        | Noticed Margery
  4618 | D        | Noticed a hell knight
  4619 | D        | Noticed a necromancer
  4620 | D        | Noticed a hell knight
  4622 | D        | Killed a hell knight
  4630 | D        | Killed from afar by Margery

Action                   |  1- 3 |  4- 6 |  7- 9 | 10-12 | 13-15 || total
-------------------------+-------+-------+-------+-------+-------++-------
Melee: Long sword        |    52 |       |       |       |       ||    52
       Scimitar          |       |    37 |   123 |   271 |    76 ||   507
Invok: Greater Servant o |       |       |       |    10 |     4 ||    14
Evoke: Wand              |       |       |     1 |     4 |       ||     5
  Use: Potion            |     4 |       |     1 |    14 |       ||    19
       Scroll            |       |       |       |     2 |     8 ||    10
  Eat: Chunk             |       |       |     5 |     6 |     1 ||    12
       Fruit             |       |       |       |     2 |       ||     2
       Bread ration      |       |       |       |     1 |       ||     1
